SAAA
HIALEAH DODOS @ SANTA BARBARA GOLDEN CRANES
09/14/2041
 
TOP OF THE 1ST
Hialeah Dodos batting - Pitching for Santa Barbara Golden Cranes : RHP Dan Seymour
Pitching: RHP Dan Seymour
Batting: RHB Mulia Muljana 0-0: Swinging Strike
0-1: Ground out 4-3 (Groundball, 4, EV 100.0 MPH)
Batting: RHB Tae-gyoon Ch'oe 0-0: Foul Ball, location: 2F
0-1: Ball
1-1: Called Strike
1-2: Strikes out looking
Batting: LHB Tom Burton 0-0: Swinging Strike
0-1: Ball
1-1: Ball
2-1: Ball
3-1: Foul Ball, location: 2F
3-2: SINGLE (Line Drive, 56, EV 98.8 MPH)
Batting: RHB Juan Reyes 0-0: Called Strike
0-1: Swinging Strike
0-2: Strikes out swinging
Top of the 1st over - 0 runs, 1 hit, 0 errors, 1 left on base; Hialeah 0 - Santa Barbara 0
BOTTOM OF THE 1ST
Santa Barbara Golden Cranes batting - Pitching for Hialeah Dodos : RHP Clint Kirk
Pitching: RHP Clint Kirk
Batting: RHB Jody Clark 0-0: Foul Ball, location: 2F
0-1: Ball
1-1: Ball
2-1: Foul Ball, location: 2F
2-2: Ball
3-2: Base on Balls
Batting: LHB Kyle Mullens 0-0: Ball
1-0: Foul Ball, location: 2F
1-1: Foul Ball, location: 2F
1-2: Reached on error, E4 (Groundball, 4, EV 96.2 MPH)
Jody Clark to second
Batting: RHB Ernest Lesley 0-0: Swinging Strike
0-1: Foul Ball, location: 2F
0-2: Foul Ball, location: 2F
0-2: Ball
1-2: Ball
2-2: Ball
3-2: Foul Ball, location: 2F
3-2: Base on Balls
Jody Clark to third
Kyle Mullens to second
Batting: LHB Braxton Cottongame 0-0: Ball
1-0: Ball
2-0: Called Strike
2-1: Ball
3-1: SINGLE (Line Drive, 7S, EV 102.5 MPH)
Jody Clark scores
Kyle Mullens to third
Ernest Lesley to second
Runner from 3rd tries for Home, SAFE, no throw by LF
Batting: RHB James Pike 0-0: Foul Ball, location: 2F
0-1: Ball
1-1: Ball
2-1: Swinging Strike
2-2: Ball
3-2: Reached on error, E4 (Groundball, 4, EV 85.6 MPH)
Ernest Lesley to third
Braxton Cottongame to second
Batting: LHB Steve Murdock 0-0: Called Strike
0-1: Swinging Strike
0-2: Strikes out swinging
Batting: RHB Rocky Zolman 0-0: Called Strike
0-1: Foul Ball, location: 2F
0-2: Ball
1-2: Foul Ball, location: 2F
1-2: Foul Ball, location: 2F
1-2: Ball
2-2: DOUBLE (Flyball, 89D, EV 102.5 MPH)
Ernest Lesley scores
Braxton Cottongame scores
James Pike to third
Batting: LHB Alfredo Garza 0-0: Foul Ball, location: 2F
0-1: Foul Ball, location: 2F
0-2: Foul Ball, location: 2F
0-2: Ball
Wild Pitch!
James Pike scores
Rocky Zolman to third
1-2: Fly out, F8 (Flyball, 8LM, EV 82.5 MPH)
Runner from 3rd tags up, SCORES, no throw by CF
Batting: RHB Juan Ibarra 0-0: Reached via error on a dropped throw from SS, E3 (Groundball, 56, EV 103.1 MPH)
Batting: RHB Jody Clark 0-0: Ground out 1-3 (Groundball, 34S, EV 85.0 MPH)
Bottom of the 1st over - 6 runs, 2 hits, 3 errors, 1 left on base; Hialeah 0 - Santa Barbara 6
TOP OF THE 2ND
Hialeah Dodos batting - Pitching for Santa Barbara Golden Cranes : RHP Dan Seymour
Batting: RHB Jimmy Scott 0-0: Called Strike
0-1: Ball
1-1: Called Strike
1-2: Fly out, F6 (Popup, 56D, EV 58.8 MPH)
Batting: RHB Eddie Neef 0-0: Foul Ball, location: 2F
0-1: Called Strike
0-2: Strikes out swinging
Batting: RHB Scott French 0-0: Ground out 6-3 (Groundball, 6, EV 98.1 MPH)
Top of the 2nd over - 0 runs, 0 hits, 0 errors, 0 left on base; Hialeah 0 - Santa Barbara 6
BOTTOM OF THE 2ND
Santa Barbara Golden Cranes batting - Pitching for Hialeah Dodos : RHP Clint Kirk
Batting: LHB Kyle Mullens 0-0: Ball
1-0: Called Strike
1-1: Ball
2-1: Ball
3-1: Foul Ball, location: 2F
3-2: Base on Balls
Batting: RHB Ernest Lesley 0-0: Ball
1-0: Foul Ball, location: 2F
1-1: Ball
2-1: Swinging Strike
2-2: Foul Ball, location: 2F
2-2: DOUBLE (Line Drive, 9LM, EV 105.0 MPH)
Kyle Mullens to third
Batting: LHB Braxton Cottongame 0-0: Ball
1-0: Foul Ball, location: 2F
1-1: Ball
2-1: Reached on error, E6 (Groundball, 6, EV 90.0 MPH)
Kyle Mullens scores
Ernest Lesley scores
Pitching: RHP Mat Tengku
Batting: RHB James Pike 0-0: Called Strike
0-1: Ground out 5-3 (Groundball, 56, EV 106.2 MPH)
Batting: LHB Steve Murdock 0-0: Foul Ball, location: 2F
0-1: Ball
1-1: Ground out 4-3 (Groundball, 4, EV 83.1 MPH)
Braxton Cottongame to third
Batting: RHB Rocky Zolman 0-0: Ball
1-0: Ground out 1-3 (Groundball, 15, EV 86.2 MPH)
Bottom of the 2nd over - 2 runs, 1 hit, 1 error, 1 left on base; Hialeah 0 - Santa Barbara 8
TOP OF THE 3RD
Hialeah Dodos batting - Pitching for Santa Barbara Golden Cranes : RHP Dan Seymour
Batting: RHB Ramón Degollado 0-0: Foul Ball, location: 2F
0-1: Ball
1-1: Foul Ball, location: 2F
1-2: Foul Ball, location: 2F
1-2: Ball
2-2: Ball
3-2: SINGLE (Line Drive, 89S, EV 102.5 MPH)
Batting: LHB Dallas McMurran 0-0: Ball
1-0: Called Strike
1-1: Foul Ball, location: 2F
1-2: Ball
2-2: Foul Ball, location: 2F
2-2: Ball
3-2: SINGLE (Groundball, 6, EV 88.1 MPH) (infield hit)
Ramón Degollado to second
Batting: RHB Mulia Muljana 0-0: Called Strike
0-1: Ball
1-1: Fly out, F8 (Flyball, 8LD, EV 95.0 MPH)
Batting: RHB Tae-gyoon Ch'oe 0-0: Ball
1-0: Foul Ball, location: 2F
1-1: Ball
2-1: Called Strike
2-2: Ball
3-2: SINGLE (Groundball, 56D, EV 106.2 MPH)
Ramón Degollado to third
Dallas McMurran to second
Runner from 3rd tries for Home, SAFE, throw by LF to home
Batting: LHB Tom Burton 0-0: Ball
1-0: Grounds into double play, U3-6 (Groundball, 3L, EV 105.0 MPH)
Top of the 3rd over - 1 run, 3 hits, 0 errors, 1 left on base; Hialeah 1 - Santa Barbara 8
BOTTOM OF THE 3RD
Santa Barbara Golden Cranes batting - Pitching for Hialeah Dodos : RHP Mat Tengku
Batting: LHB Alfredo Garza 0-0: Called Strike
0-1: Foul Ball, location: 2F
0-2: Foul Ball, location: 2F
0-2: Foul Ball, location: 2F
0-2: Ball
1-2: Fly out, F7 (Flyball, 78S, EV 90.6 MPH)
Batting: RHB Juan Ibarra 0-0: Ball
1-0: Ball
2-0: Foul Ball, location: 2F
2-1: Foul Ball, location: 2F
2-2: Ground out U3 (Groundball, 3, EV 76.9 MPH)
Batting: RHB Jody Clark 0-0: Ball
1-0: Called Strike
1-1: Foul Ball, location: 2F
1-2: Strikes out looking
Bottom of the 3rd over - 0 runs, 0 hits, 0 errors, 0 left on base; Hialeah 1 - Santa Barbara 8
TOP OF THE 4TH
Hialeah Dodos batting - Pitching for Santa Barbara Golden Cranes : RHP Dan Seymour
Batting: RHB Juan Reyes 0-0: Ball
1-0: Ground out 5-3 (Groundball, 5, EV 86.2 MPH)
Batting: RHB Jimmy Scott 0-0: Foul Ball, location: 2F
0-1: Called Strike
0-2: Ball
1-2: Strikes out swinging
Batting: RHB Eddie Neef 0-0: Ball
1-0: Ball
2-0: Ball
3-0: Called Strike
3-1: Foul Ball, location: 2F
3-2: Base on Balls
Batting: RHB Scott French 0-0: Called Strike
0-1: Called Strike
0-2: Foul Ball, location: 2F
0-2: Foul Ball, location: 2F
0-2: Fielders Choice at 2nd, 6-4 (Groundball, 6, EV 79.4 MPH)
Top of the 4th over - 0 runs, 0 hits, 0 errors, 1 left on base; Hialeah 1 - Santa Barbara 8
BOTTOM OF THE 4TH
Santa Barbara Golden Cranes batting - Pitching for Hialeah Dodos : RHP Mat Tengku
Batting: LHB Kyle Mullens 0-0: Called Strike
0-1: Fly out, F8 (Flyball, 89D, EV 91.2 MPH)
Batting: RHB Ernest Lesley 0-0: Ball
1-0: Ball
2-0: Swinging Strike
2-1: Ball
3-1: Base on Balls
Batting: LHB Braxton Cottongame 0-0: SINGLE (Groundball, 34D, EV 94.4 MPH)
Ernest Lesley to second
Batting: RHB James Pike 0-0: Ball
1-0: Ball
2-0: Called Strike
2-1: Ball
3-1: Fly out, F6 (Line Drive, 6, EV 67.5 MPH)
Batting: LHB Steve Murdock 0-0: Ball
1-0: SINGLE (Line Drive, 8RS, EV 107.5 MPH)
Ernest Lesley to third
Braxton Cottongame to second
Runner from 3rd tries for Home, SAFE, no throw by CF
Batting: RHB Rocky Zolman 0-0: Ball
1-0: Fly out, F9 (Flyball, 89S, EV 70.6 MPH)
Bottom of the 4th over - 1 run, 2 hits, 0 errors, 2 left on base; Hialeah 1 - Santa Barbara 9
TOP OF THE 5TH
Hialeah Dodos batting - Pitching for Santa Barbara Golden Cranes : RHP Dan Seymour
Batting: RHB Ramón Degollado 0-0: Ball
1-0: Foul Ball, location: 2F
1-1: Fly out, F7 (Flyball, 78D, EV 95.0 MPH)
Batting: LHB Dallas McMurran 0-0: Ball
1-0: Called Strike
1-1: Foul Ball, location: 2F
1-2: Foul Ball, location: 2F
1-2: Ball
2-2: Fly out, F9 (Flyball, 89M, EV 87.5 MPH)
Batting: RHB Mulia Muljana 0-0: Called Strike
0-1: Ball
1-1: Ball
2-1: Ball
3-1: Base on Balls
Batting: RHB Tae-gyoon Ch'oe 0-0: Foul Ball, location: 2F
0-1: Ground out U3 (Groundball, 34S, EV 71.2 MPH)
Top of the 5th over - 0 runs, 0 hits, 0 errors, 1 left on base; Hialeah 1 - Santa Barbara 9
BOTTOM OF THE 5TH
Santa Barbara Golden Cranes batting - Pitching for Hialeah Dodos : RHP Mat Tengku
Batting: LHB Alfredo Garza 0-0: Ball
1-0: Called Strike
1-1: Foul Ball, location: 2F
1-2: Ball
2-2: Foul Ball, location: 2F
2-2: Ball
3-2: Ground out 6-3 (Groundball, 6, EV 82.5 MPH)
Pitching: RHP Júlio Antunez
Batting: RHB Juan Ibarra 0-0: DOUBLE (Line Drive, 9LS, EV 91.9 MPH)
Batting: RHB Jody Clark 0-0: Foul Ball, location: 2F
0-1: Called Strike
0-2: Ball
1-2: Foul Ball, location: 2F
1-2: Ball
2-2: SINGLE (Groundball, 56D, EV 101.2 MPH)
Juan Ibarra to third
Batting: LHB Kyle Mullens 0-0: Ball
1-0: Ball
2-0: Grounds into double play, 5-4-3 (Groundball, 5, EV 98.8 MPH)
Bottom of the 5th over - 0 runs, 2 hits, 0 errors, 1 left on base; Hialeah 1 - Santa Barbara 9
TOP OF THE 6TH
Hialeah Dodos batting - Pitching for Santa Barbara Golden Cranes : RHP Dan Seymour
Batting: LHB Tom Burton 0-0: Ball
1-0: Foul Ball, location: 2F
1-1: Ball
2-1: Foul Ball, location: 2F
2-2: Fly out, F7 (Flyball, 78S, EV 68.1 MPH)
Batting: RHB Juan Reyes 0-0: Called Strike
0-1: Fly out, F9 (Flyball, 9, EV 86.2 MPH)
Batting: RHB Jimmy Scott 0-0: Called Strike
0-1: Ball
1-1: Foul Ball, location: 2F
1-2: Foul Ball, location: 2F
1-2: Foul Ball, location: 2F
1-2: SOLO HOME RUN (Flyball, 78XD, EV 96.9 MPH), Distance : 465 ft
Batting: RHB Eddie Neef 0-0: Ball
1-0: Ball
2-0: Ball
3-0: Base on Balls
Pitching: RHP Pang Qin
Batting: RHB Scott French 0-0: Ball
1-0: Called Strike
1-1: Ball
2-1: Foul Ball, location: 2F
2-2: Strikes out swinging, 2-3 out at first.
Top of the 6th over - 1 run, 1 hit, 0 errors, 1 left on base; Hialeah 2 - Santa Barbara 9
BOTTOM OF THE 6TH
Santa Barbara Golden Cranes batting - Pitching for Hialeah Dodos : RHP Júlio Antunez
Batting: RHB Ernest Lesley 0-0: Ball
1-0: Called Strike
1-1: Foul Ball, location: 2F
1-2: Ball
2-2: Foul Ball, location: 2F
2-2: Strikes out swinging
Batting: LHB Braxton Cottongame 0-0: Called Strike
0-1: Foul Ball, location: 2F
0-2: Ball
1-2: Ball
2-2: Ball
3-2: DOUBLE (Line Drive, 7LS, EV 103.8 MPH)
Batting: RHB James Pike 0-0: Ball
1-0: Swinging Strike
1-1: Ball
2-1: Swinging Strike
2-2: Strikes out looking
Batting: LHB Steve Murdock 0-0: Called Strike
0-1: SINGLE (Groundball, 4MD, EV 95.6 MPH)
Braxton Cottongame to third
Runner from 3rd tries for Home, SAFE, no throw by CF
Batting: RHB Rocky Zolman 0-0: Ball
1-0: Foul Ball, location: 2F
1-1: Ball
2-1: Foul Ball, location: 2F
2-2: Fielders Choice at 2nd, 6-4 (Groundball, 6, EV 89.4 MPH)
Bottom of the 6th over - 1 run, 2 hits, 0 errors, 1 left on base; Hialeah 2 - Santa Barbara 10
TOP OF THE 7TH
Hialeah Dodos batting - Pitching for Santa Barbara Golden Cranes : RHP Pang Qin
Pinch Hitting: RHB Ron Lawrence 0-0: Ball
1-0: Ball
2-0: Foul Ball, location: 2F
2-1: Fly out, F7 (Flyball, 7LSF, EV 86.9 MPH)
Batting: LHB Dallas McMurran 0-0: Swinging Strike
0-1: Foul Ball, location: 2F
0-2: Ball
1-2: Ball
2-2: Ground out U3 (Groundball, 3, EV 84.4 MPH)
Pinch Hitting: RHB Alfonso Cabedo 0-0: Called Strike
0-1: Fly out, F9 (Flyball, 9LDF, EV 98.8 MPH)
Top of the 7th over - 0 runs, 0 hits, 0 errors, 0 left on base; Hialeah 2 - Santa Barbara 10
BOTTOM OF THE 7TH
Santa Barbara Golden Cranes batting - Pitching for Hialeah Dodos : RHP Júlio Antunez
Now at 3B: Ron Lawrence
Now in CF: Alfonso Cabedo
Pinch Hitting: LHB Arto Toikka 0-0: Ball
1-0: Foul Ball, location: 2F
1-1: Ball
2-1: Foul Ball, location: 2F
2-2: Strikes out swinging
Batting: RHB Juan Ibarra 0-0: Ball
1-0: Called Strike
1-1: Ground out 6-3 (Groundball, 6, EV 85.0 MPH)
Pinch Hitting: RHB António Amaya 0-0: Ball
1-0: Foul Ball, location: 2F
1-1: Fly out, F8 (Line Drive, 8RD, EV 84.4 MPH)
Bottom of the 7th over - 0 runs, 0 hits, 0 errors, 0 left on base; Hialeah 2 - Santa Barbara 10
TOP OF THE 8TH
Hialeah Dodos batting - Pitching for Santa Barbara Golden Cranes : RHP Pang Qin
Now in CF: Arto Toikka
Now in RF: António Amaya
Pinch Hitting: RHB Ray Covalt 0-0: Called Strike
0-1: Swinging Strike
0-2: Foul Ball, location: 2F
0-2: SINGLE (Line Drive, 89S, EV 96.2 MPH)
Pinch Hitting: LHB Manuel Ruíz 0-0: Fly out, F6 (Flyball, 56D, EV 93.1 MPH)
Batting: RHB Juan Reyes 0-0: Called Strike
0-1: Ball
1-1: Called Strike
1-2: Ball
2-2: Foul Ball, location: 2F
2-2: Ball
3-2: Base on Balls
Ray Covalt to second
Batting: RHB Jimmy Scott 0-0: Fly out, F4 (Flyball, 3D, EV 88.8 MPH)
Batting: RHB Eddie Neef 0-0: Ball
1-0: SINGLE (Line Drive, 89S, EV 91.9 MPH)
Ray Covalt to third
Juan Reyes to second
Runner from 3rd tries for Home, SAFE, throw by RF to home
Batting: RHB Scott French 0-0: Fly out, F4 (Popup, 13, EV 84.4 MPH)
Top of the 8th over - 1 run, 2 hits, 0 errors, 2 left on base; Hialeah 3 - Santa Barbara 10
BOTTOM OF THE 8TH
Santa Barbara Golden Cranes batting - Pitching for Hialeah Dodos : RHP Júlio Antunez
Now at 1B: Ramón Morterero
Now in LF: Manuel Ruíz
Batting: LHB Kyle Mullens 0-0: Ball
1-0: Swinging Strike
1-1: Foul Ball, location: 2F
1-2: SINGLE (Groundball, 6D, EV 101.9 MPH)
Pinch Hitting: RHB Pat Lloyd 0-0: Grounds into double play, 6-4-3 (Groundball, 6, EV 78.8 MPH)
Batting: LHB Braxton Cottongame 0-0: Ball
1-0: Called Strike
1-1: Ball
2-1: Foul Ball, location: 2F
2-2: Foul Ball, location: 2F
2-2: Ball
3-2: Fly out, F9 (Flyball, 89S, EV 83.8 MPH)
Bottom of the 8th over - 0 runs, 1 hit, 0 errors, 0 left on base; Hialeah 3 - Santa Barbara 10
TOP OF THE 9TH
Hialeah Dodos batting - Pitching for Santa Barbara Golden Cranes : RHP Pang Qin
Now at 3B: Pat Lloyd
Batting: RHB Ron Lawrence 0-0: Ball
1-0: Called Strike
1-1: Called Strike
1-2: Ball
2-2: Strikes out swinging
Batting: LHB Dallas McMurran 0-0: Called Strike
0-1: Foul Ball, location: 2F
0-2: SINGLE (Line Drive, 7S, EV 101.2 MPH)
Batting: RHB Alfonso Cabedo 0-0: Swinging Strike
0-1: Single, Error in OF, E8, batter to second base (Line Drive, 6D, EV 97.5 MPH)
Dallas McMurran to third
Pinch Hitting: RHB Jon Deal 0-0: Ball
1-0: Foul Ball, location: 2F
1-1: Foul Ball, location: 2F
1-2: Ball
2-2: Strikes out swinging
Batting: LHB Manuel Ruíz 0-0: Ball
1-0: Fly out, F5 (Popup, 5SF, EV 78.1 MPH)
Top of the 9th over - 0 runs, 2 hits, 1 error, 2 left on base; Hialeah 3 - Santa Barbara 10
Tuesday, January 5th, 2021 - OOTP Baseball 20.8 Build 74